 Dungeon Crawl Stone Soup version 0.14-a0-2162-g062a2ce (webtiles) character file.

1503 Kae the Conjurer (level 8, -2/41 HPs)
             Began as a Tengu Fire Elementalist on Jan 28, 2014.
             Slain by a gnoll
             ... wielding a cursed +0,-3 halberd
              (12 damage)
             ... on Level 4 of the Dungeon.
             The game lasted 00:11:30 (5657 turns).

Kae the Conjurer (Tengu Fire Elementalist)          Turns: 5657, Time: 00:11:30

HP  -2/41        AC  8     Str 14      XL: 8   Next: 54%
MP   4/20        EV 18     Int 18      God:
Gold 220         SH  0     Dex 19      Spells:  3 memorised,  9 levels left

rFire  . . .     SeeInvis .     u - +3,+0 dagger (protect)
rCold  . . .     Clarity  .     a - +1 robe
rNeg   + . .     Conserve .     (no shield)
rPois  .         rCorr    .     (helmet restricted)
rElec  .         rRot     .     (no cloak)
SustAb . .       Spirit   .     (no gloves)
rMut   .         Warding  .     (boots unavailable)
Saprov . . .     Stasis   .     (no amulet)
MR     .....                    (no ring)
                                r - ring of positive energy

@: mighty, agile, not resistant to hostile enchantments, quite stealthy
A: able to fly, beak, talons 3
a: Fly


You were on level 4 of the Dungeon.
You were not hungry.

You visited 1 branch of the dungeon, and saw 5 of its levels.

You collected 220 gold pieces.

Inventory:

Hand weapons
 u - a +3,+0 dagger of protection (weapon)
Missiles
 f - 11 tomahawks
 h - 5 poisoned tomahawks
 s - 4 darts (quivered)
Armour
 a - a +1 robe (worn)
Comestibles
 c - 4 bread rations
Scrolls
 g - 2 scrolls of identify
 j - 2 scrolls of enchant weapon II
 n - 2 scrolls of remove curse {unknown}
Jewellery
 r - a ring of positive energy (left hand)
Potions
 d - a potion of resistance {unknown}
 e - a potion of degeneration {unknown}
 k - a potion of agility
 l - a potion of curing {unknown}
 m - a potion of might
 o - 2 potions of paralysis
 q - a potion of brilliance {unknown}
Books
 b - a book of Flames

   Spells                             Type                      Level
   *Flame Tongue                      Conjuration/Fire             1
   *Throw Flame                       Conjuration/Fire             2
   *Conjure Flame                     Conjuration/Fire             3
   Inner Flame                        Hexes/Fire                   3
   Sticky Flame                       Conjuration/Fire             4
   Fireball                           Conjuration/Fire             5
 i - a book of Enchantments

   Spells                             Type                      Level
   Cause Fear                         Hexes                        4
   Silence                            Hexes/Air                    5
   Tukima's Dance                     Hexes                        5
   Deflect Missiles                   Charms/Air                   6
   Haste                              Charms                       6
   Discord                            Hexes                        8


   Skills:
 - Level 2.1 Dodging
 - Level 2.0 Stealth
 + Level 4.4 Spellcasting
 * Level 8.1 Conjurations
 * Level 8.0 Fire Magic


You had 9 spell levels left.
You knew the following spells:

 Your Spells              Type           Power        Failure   Level  Hunger
a - Flame Tongue          Conj/Fire      ####.        1%          1    None
b - Throw Flame           Conj/Fire      ####..       1%          2    #......
c - Conjure Flame         Conj/Fire      ####....     1%          3    ###....


Dungeon Overview and Level Annotations

Branches:
Dungeon (5/16)
 Temple: D:4-7

Altars:
Elyvilon


Innate Abilities, Weirdness & Mutations

You can fly.
You have a beak for a mouth.
You have claws for feet.


Message History

The dart of frost misses you. The gnoll barely misses you.
You completely miss the big kobold. Your kick misses the big kobold.
The big kobold closely misses you.
You hit the big kobold.
The big kobold is moderately wounded.
The big kobold closely misses you. The gnoll barely misses you.
The big kobold barely misses you.
A kobold comes into view. It is wielding an orcish club.
You puncture the big kobold!
The big kobold is heavily wounded.
The big kobold closely misses you.
The gnoll hits you from afar with a halberd.
* * * LOW HITPOINT WARNING * * *
The big kobold barely misses you.
You closely miss the big kobold. You peck the big kobold.
The big kobold is severely wounded.
The big kobold completely misses you.
The big kobold hits you but does no damage.
The gnoll hits you from afar with a halberd!
You die...

########≈≈≈≈≈≈≈≈≈≈≈≈≈≈≈≈≈≈≈≈≈≈≈
###≈≈≈≈≈≈≈≈≈≈≈≈≈≈≈≈≈≈≈≈≈≈≈≈≈≈≈≈≈≈
≈≈≈≈#####≈≈≈≈≈≈≈≈≈≈ ≈≈≈≈≈≈≈≈≈≈≈≈≈
≈≈≈≈#.$.########***##############
≈≈≈≈#...#.....(## ##.....#.......
≈≈≈≈#)..#..(.(..###......'..)....
≈≈≈≈##)##(.(...(.#..(....########
≈≈≈≈≈#)..........#..............#
≈≈≈≈≈#(.......gK@K....K...(.(.))'
≈≈≈≈≈#.(.........#........(.....#
≈≈≈≈##+##........#.......########
≈≈≈≈#,,,#.......###......'.,,,,,,
≈≈≈≈#,,,#......## ##.....#.. ,,,,
≈≈≈≈#,,,#########################
≈≈≈≈#####≈≈≈≈≈≈≈≈≈≈≈≈≈≈≈≈≈≈≈≈≈≈≈≈
≈≈≈≈≈≈≈≈≈≈≈≈≈≈≈≈≈≈≈≈≈≈≈≈≈≈≈≈≈≈≈≈≈
≈≈≈≈≈≈≈≈≈≈≈≈≈≈≈≈≈≈≈≈≈≈≈≈≈≈≈≈≈≈≈≈≈


You could see 2 big kobolds, a gnoll and a kobold.

Vanquished Creatures
  4 phantoms
  An ogre (D:5)
  The ghost of Yermak the Ducker, an average SpIE (D:4)
  3 big kobolds (D:4)
  4 wights (D:5)
  A centaur zombie (D:5)
  3 orc wizards
  A worker ant (D:4)
  2 gnolls (D:4)
  An inept feature mimic (D:5)
  8 adders
  A worm (D:3)
  An orc skeleton (D:4)
  A giant eyeball (D:5)
  2 oozes (D:1)
  9 orcs
  5 giant cockroaches
  A giant mite zombie (D:5)
  6 goblins
  12 hobgoblins
  9 jackals
  3 quokkas
  2 ball pythons
  19 bats
  A giant gecko (D:2)
  4 giant newts
  50 kobolds
  9 rats
164 creatures vanquished.

Vanquished Creatures (others)
  A big fish (D:5)
  A kobold (D:5)
2 creatures vanquished.

Grand Total: 166 creatures vanquished

Notes
Turn   | Place    | Note
--------------------------------------------------------------
     0 | D:1      | Kae, the Tengu Fire Elementalist, began the quest for the Orb.
     0 | D:1      | Reached XP level 1. HP: 10/10 MP: 3/3
   158 | D:1      | Reached XP level 2. HP: 12/15 MP: 0/5
   737 | D:1      | Reached XP level 3. HP: 8/19 MP: 7/7
  1303 | D:2      | Reached skill level 4 in Fire Magic
  1331 | D:2      | Reached XP level 4. HP: 3/24 MP: 5/9
  1981 | D:3      | Learned a level 2 spell: Throw Flame
  1985 | D:3      | Learned a level 3 spell: Conjure Flame
  2411 | D:3      | Reached XP level 5. HP: 28/28 MP: 1/11
  2897 | D:4      | Reached skill level 5 in Fire Magic
  3046 | D:5      | Entered Level 5 of the Dungeon
  3159 | D:5      | Reached XP level 6. HP: 32/32 MP: 2/13
  3166 | D:5      | Reached skill level 5 in Conjurations
  3449 | D:5      | Found a white marble altar of Elyvilon.
  3744 | D:5      | Noticed an ogre
  3755 | D:5      | HP: 1/32 [ogre/giant club (11)]
  3756 | D:5      | Killed an ogre
  3756 | D:5      | Reached skill level 6 in Fire Magic
  3756 | D:5      | Reached XP level 7. HP: 1/36 MP: 7/17
  3992 | D:5      | Noticed a phantom
  4012 | D:5      | Killed a phantom
  4229 | D:4      | Noticed Yermak's ghost (average SpIE)
  4245 | D:4      | Killed Yermak's ghost
  4350 | D:4      | Noticed a phantom
  4365 | D:4      | Killed a phantom
  4590 | D:4      | Noticed a phantom
  4599 | D:4      | Killed a phantom
  4599 | D:4      | Reached skill level 7 in Conjurations
  4599 | D:4      | Reached XP level 8. HP: 30/41 MP: 11/19
  5489 | D:4      | Noticed a phantom
  5506 | D:4      | Killed a phantom
  5638 | D:4      | Reached skill level 8 in Conjurations
  5657 | D:4      | Slain by a gnoll

Action                   |  1- 3 |  4- 6 |  7- 9 || total
-------------------------+-------+-------+-------++-------
Melee: Unarmed           |    83 |    18 |       ||   101
       Dagger            |       |    40 |    35 ||    75
 Cast: Flame Tongue      |    35 |   101 |   127 ||   263
       Throw Flame       |       |    13 |    12 ||    25
       Conjure Flame     |       |     3 |     2 ||     5
 Abil: Fly               |       |       |     1 ||     1
  Use: Scroll            |       |    13 |     6 ||    19
       Potion            |       |     3 |     2 ||     5
 Stab: Sleeping          |       |     1 |       ||     1
